 Dungeon Crawl Stone Soup version 0.20.1 (webtiles) character file.

1334 vishdafish the Shield-Bearer (level 8, -2/62 HPs)
             Began as a Formicid Fighter on July 2, 2017.
             Was a Follower of Uskayaw.
             Slain by Sunburn's ghost (9 damage)
             ... on level 6 of the Dungeon.
             The game lasted 00:09:46 (4734 turns).

vishdafish the Shield-Bearer (Formicid Fighter)     Turns: 4734, Time: 00:09:47

Health: -2/62      AC: 11    Str: 22    XL:     8   Next: 92%
Magic:  12/12      EV:  7    Int:  8    God:    Uskayaw [*.....]
Gold:   189        SH: 11    Dex: 11    Spells: 7/7 levels left

rFire    + . .     SeeInvis +   a - +0 war axe
rCold    . . .     Gourm    .   c - +0 shield
rNeg     . . .     Faith    .   o - +0 chain mail {rF+}
rPois    .         Spirit   .   (helmet unavailable)
rElec    .         Reflect  .   (no cloak)
rCorr    .         Harm     .   m - +0 pair of gloves (curse)
MR       .....                  (no boots)
Stlth    ..........             (no amulet)
Regen    0.2/turn               (no ring)
MPRegen  0.2/turn               (no ring)

@: no status effects
A: permanent stasis, dig shafts and tunnels, four strong arms, antennae 3
a: Dig, Shaft Self, Stomp, Renounce Religion


You were on level 6 of the Dungeon.
You worshipped Uskayaw.
Uskayaw was noncommittal.
You were not hungry.

You visited 1 branch of the dungeon, and saw 8 of its levels.

You collected 189 gold pieces.

Inventory:

Hand Weapons
 a - a +0 war axe (weapon)
Armour
 b - a +0 scale mail
 c - a +0 shield (worn)
 m - a cursed +0 pair of gloves (worn)
 o - a +0 chain mail of fire resistance (worn)
Scrolls
 e - 3 scrolls of teleportation {unknown}
 g - a scroll of random uselessness {unknown}
 h - 4 scrolls of identify {unknown}
 j - 2 scrolls of recharging {unknown}
 n - 2 scrolls of magic mapping {unknown}
 p - 2 scrolls of remove curse {unknown}
 r - 2 scrolls of blinking {unknown}
 s - a scroll of enchant armour {unknown}
Potions
 d - a potion of might
 i - a potion of heal wounds {unknown}
 l - a potion of berserk rage
 q - a potion of curing {unknown}
Comestibles
 f - 5 bread rations
 k - 4 fruits


   Skills:
 + Level 5.3 Fighting
 + Level 4.4 Axes
 + Level 5.4 Armour
 - Level 0.1 Dodging
 * Level 7.5 Shields
 * Level 5.9 Invocations


You had 7 spell levels left.
You didn't know any spells.

Dungeon Overview and Level Annotations

Branches:
Dungeon (8/15)
 Temple: D:4-7         Lair: D:8-11

Altars:
Cheibriados
Dithmenos
Fedhas
Uskayaw

Shops:
D:6 *

Annotations:
D:3 2 transporters
D:6 Sunburn's ghost, novice OgFE
D:7 Menkaure
D:8 VajrapaniSR's ghost, novice DDFi


Innate Abilities, Weirdness & Mutations

You cannot be hasted, slowed, berserked, paralysed or teleported.
You can dig through walls and to a lower floor.
Your four strong arms can wield two-handed weapons with a shield.
You have a pair of large antennae on your head. (SInv)


Message History

You are too injured to fight recklessly!
You are too injured to fight recklessly!
You are too injured to fight recklessly!
You are too injured to fight recklessly!
You are too injured to fight recklessly!
Unknown command.
Okay, then.
Sunburn's ghost threatens, "I'm fresh out of hellfire, but you will end anyway."
The sky beast hits you. The sky beast shocks you.
* * * LOW HITPOINT WARNING * * *
Are you sure you want to shaft yourself?
You feel quite a bit more hungry. You block the adder skeleton's attack.
The sky beast hits you.
* * * LOW HITPOINT WARNING * * *
The sky beast shocks you.
* * * LOW HITPOINT WARNING * * *
The adder skeleton bites you but does no damage.
You begin to dig a shaft.
You continue digging a shaft.
Sunburn's ghost hits you!
You die...

.†......#####.######...
.†......'..............
........##......∩......
........##..........#
##########..........#
#..........#
#..........#
#...!.WZY..#
######.@###... ##?# ...
#.. .. ##.# .# .# .. #.


You could see a sky beast, Sunburn's ghost and an adder skeleton.

Vanquished Creatures
  Pikel (D:7)
  An ice beast (D:8)
  5 bullfrogs
  2 scorpions
  3 orc priests
  A centaur skeleton (D:4)
  A hound (D:6)
  Terence (D:3)
  Natasha (thrice) (D:3)
  4 adders
  An ooze (D:4)
  A worm (D:3)
  A dart slug (D:2)
  3 leopard geckos
  4 orcs
  6 goblins
  7 hobgoblins
  2 ball pythons
  10 bats
  8 frilled lizards
  8 kobolds
  10 rats
83 creatures vanquished.

Vanquished Creatures (others)
  3 slaves (D:7)
  An orc wizard (D:7)
  An orc (D:7)
5 creatures vanquished.

Grand Total: 88 creatures vanquished

Notes
Turn   | Place    | Note
-------+----------+-------------------------------------------
     0 | D:1      | vishdafish the Formicid Fighter began the quest for the Orb.
     0 | D:1      | Reached XP level 1. HP: 18/18 MP: 1/1
   191 | D:1      | Reached XP level 2. HP: 24/24 MP: 2/2
   842 | D:1      | Reached skill level 4 in Shields
   895 | D:1      | Reached XP level 3. HP: 29/29 MP: 3/3
  1133 | D:2      | Found a hide-covered altar of Uskayaw.
  1141 | D:2      | Became a worshipper of Uskayaw the Reveler
  1202 | D:2      | Reached * piety under Uskayaw
  1212 | D:2      | Reached ** piety under Uskayaw
  1218 | D:2      | Found a blossoming altar of Fedhas.
  1692 | D:3      | Reached XP level 4. HP: 31/37 MP: 4/4
  1695 | D:3      | Noticed Terence
  1719 | D:3      | Killed Terence
  1719 | D:3      | Reached skill level 1 in Invocations
  1951 | D:3      | Found a transporter.
  1969 | D:3      | Found a transporter.
  2087 | D:3      | Noticed Natasha
  2111 | D:3      | Killed Natasha
  2111 | D:3      | Reached XP level 5. HP: 14/42 MP: 6/6
  2385 | D:3      | Noticed Natasha
  2395 | D:3      | Killed Natasha
  2408 | D:3      | Noticed Natasha
  2411 | D:3      | Killed Natasha
  2670 | D:4      | Reached skill level 5 in Shields
  2670 | D:4      | Reached XP level 6. HP: 16/48 MP: 6/8
  2984 | D:4      | Reached *** piety under Uskayaw
  2988 | D:4      | Reached **** piety under Uskayaw
  3372 | D:4      | Noticed a phantom
  3385 | D:5      | Entered Level 5 of the Dungeon
  3389 | D:5      | You fall through a shaft for 3 floors!
  3403 | D:8      | HP: 2/49 [poisoned by a scorpion]
  3411 | D:8      | HP: 2/49 [poisoned by a scorpion]
  3767 | D:8      | Reached XP level 7. HP: 50/55 MP: 9/9
  3883 | D:8      | Reached skill level 6 in Shields
  3898 | D:7      | Noticed Pikel
  3917 | D:7      | Killed Pikel
  3917 | D:7      | Reached skill level 5 in Fighting
  3917 | D:7      | Reached skill level 5 in Armour
  3917 | D:7      | Reached skill level 7 in Shields
  3917 | D:7      | Reached skill level 5 in Invocations
  3917 | D:7      | Reached XP level 8. HP: 36/62 MP: 10/12
  4281 | D:7      | Noticed Menkaure
  4304 | D:8      | Found a shadowy altar of Dithmenos.
  4306 | D:8      | Noticed VajrapaniSR's ghost (novice DDFi)
  4613 | D:7      | Noticed a two-headed ogre
  4717 | D:6      | Found Piampy's General Store.
  4722 | D:6      | Found a snail-covered altar of Cheibriados.
  4723 | D:6      | Noticed Sunburn's ghost (novice OgFE)
  4734 | D:6      | Slain by Sunburn's ghost

Skill      XL: |  1  2  3  4  5  6  7 |
---------------+----------------------+-----
Shields        | 4 5 7 |  7.5
Invocations    | 2 3 5 |  5.9
Fighting       | 4 5 |  5.3
Axes           | 3 4 |  4.4
Armour         | 4 5 |  5.4
Dodging        | |  0.1

Action                   |  1- 3 |  4- 6 |  7- 9 || total
-------------------------+-------+-------+-------++-------
Melee: War axe           |   121 |   125 |   109 ||   355
Invok: Stomp             |       |     3 |       ||     3
       Line Pass         |       |     1 |       ||     1
 Abil: Shaft Self        |       |     1 |     1 ||     2
  Use: Potion            |       |     1 |       ||     1
 Stab: Paralysed         |       |     1 |     4 ||     5
  Eat: Chunk             |     3 |     4 |       ||     7
       Bread ration      |       |     2 |       ||     2
       Royal jelly       |       |     1 |       ||     1
Armor: Scale mail        |    62 |    61 |    35 ||   158
       Chain mail        |       |       |    26 ||    26
Dodge: Dodged            |    43 |    45 |    38 ||   126
Block: Shield            |    83 |    74 |    66 ||   223
